 Dungeon Crawl Stone Soup version 0.29-a0-870-g2c972031a6 (webtiles) character file.

Game seed: 3820848515925455071

2709 kevlar127 the Grappler (level 9, 0/93 HPs)
             Began as a Troll Berserker on July 17, 2022.
             Was a Priest of Trog.
             Succumbed to a killer bee's poison
             ... on level 7 of the Dungeon.
             The game lasted 00:13:16 (6042 turns).

kevlar127 the Grappler (Troll Berserker)            Turns: 6042, Time: 00:13:16

Health: 0/93       AC:  7    Str: 31    XL:     9   Next: 39%
Magic:  1/8        EV: 10    Int:  3    God:    Trog [***...]
Gold:   133        SH:  0    Dex:  9    Spells: 8/8 levels left

rFire   + . .      SeeInvis +     - Unarmed
rCold   . . .      Faith    .   (no shield)
rNeg    . . .      Spirit   +   a - +0 animal skin
rPois   .          Reflect  .   d - +2 hat {SInv}
rElec   .          Harm     .   e - +0 cloak
rCorr   +          Rampage  .   (gloves unavailable)
Will    .....                   (boots unavailable)
Stlth   +.........              D - amulet of guardian spirit
HPRegen 1.05/turn               j - ring of protection from fire
MPRegen 0.11/turn               v - ring of resist corrosion

@: lethally poisoned (0 -> 0), on berserk cooldown, slowed, very slow
A: large, unfitting armour, claws 3, regeneration 1, shaggy fur 1, tough skin 1
a: Renounce Religion, Berserk, Trog's Hand


You were on level 7 of the Dungeon.
You worshipped Trog.
Trog was most pleased with you.
You visited 1 branch of the dungeon, and saw 8 of its levels.

You collected 392 gold pieces.
You spent 259 gold pieces at shops.

Inventory:

Missiles
 c - 54 stones
 g - 2 poisoned darts
 p - 7 boomerangs (quivered)
Armour
 a - a +0 animal skin (worn)
 d - a +2 hat of see invisible (worn)
 e - a +0 cloak (worn)
Jewellery
 j - a ring of protection from fire (left claw)
 v - a ring of resist corrosion (right claw)
 D - an amulet of guardian spirit (around neck)
Wands
 u - a wand of quicksilver (17)
 y - a wand of paralysis (8)
 A - a wand of digging (2)
Scrolls
 f - 2 scrolls of fog
 h - 12 scrolls of identify
 i - a scroll of magic mapping {unknown}
 k - a scroll of enchant weapon {unknown}
 o - a scroll of vulnerability {unknown}
 q - 2 scrolls of blinking
 r - a scroll of fear
 s - a scroll of noise
 w - a scroll of amnesia {unknown}
 B - 2 scrolls of teleportation {unknown}
 C - a scroll of enchant armour {unknown}
Potions
 b - a potion of might {unknown}
 l - 2 potions of haste {unknown}
 m - 7 potions of curing {unknown}
 n - 2 potions of flight {unknown}
 t - a potion of resistance {unknown}
 x - a potion of brilliance {unknown}
 z - a potion of heal wounds {unknown}


   Skills:
 + Level 7.0 Fighting
 + Level 5.1 Throwing
 + Level 3.6 Dodging
 + Level 8.4 Unarmed Combat


You had 8 spell levels left.
You didn't know any spells.
Your spell library was empty.

Dungeon Overview and Level Annotations

Branches:
Dungeon (8/15)             Temple (0/1) D:7
   Lair: D:8-11

Altars:
Fedhas
Hepliaklqana
Uskayaw
Yredelemnul
Zin

Shops:
D:2 ?

Annotations:
D:3 2 runed translucent doors, zhov's ghost, amateur DsNe


Innate Abilities, Weirdness & Mutations

You are too large for most types of armour.
You have claws for hands.
Your natural rate of healing is unusually fast.
You are covered in fur. (AC +1)
You have tough skin. (AC +1)


Message History

The killer bee barely misses you.
Unknown command.
You miss the killer bee.
You feel sick. The killer bee closely misses you. x2
You miss the killer bee.
You feel very sick. The killer bee barely misses you. x2
Unknown command.
You completely miss the killer bee.
You feel sick.
The killer bee stings you but does no damage.
The killer bee completely misses you. The killer bee stings you.
* * * LOW HITPOINT WARNING * * *
The killer bee stings you but does no damage.
Unknown command.
You mangle the killer bee!!
You kill the killer bee!
Trog accepts your kill.
You feel sick. The killer bee stings you.
* * * LOW HITPOINT WARNING * * *
Your Fighting skill increases to level 7!
You claw the killer bee!
The killer bee is almost dead.
* * * LOW HITPOINT WARNING * * *
You feel sick. The killer bee barely misses you.
You claw the killer bee!
You feel the power of Trog in you as your rage grows.
You kill the killer bee!
Trog accepts your kill.
* * * LOW HITPOINT WARNING * * *
You feel sick.
Unknown command.
You feel sick.
You see here a killer bee corpse.
You start resting.
You feel a strong urge to attack something.
You feel sick.
You start resting.
You feel sick.
You feel your anger nearly subside.
You are no longer berserk.
You are exhausted.
You feel yourself slow down.
You die...

#..............# #.....# #.####
#####..##.##†#.# #.....#####.....
#####.###.##>#.###..[........####
..........##†#.#.........###.#
#####.##...))[...........# #.# #
#.##.###)#.#.#.....### #.# #
#....###...).......#####.# ## #
#...........>.....#......# #. #
#.##.##....#@#.#.#.####..# #.
#####.##.##...[..............# #.
..............##.#.#.#.####.####.
#####.##.##.#.##.#.#.#.# #.....<
#.##.##.#.##.#.#.#.# #######
#<......#.##.#.#.#.#
####.####.##.#.#.#.##########
#.........................
######................#.##


There were no monsters in sight!

Vanquished Creatures
  An unseen horror (D:7)
  2 wyverns
  Menkaure (D:7)
  A sky beast (D:7)
  An orc warrior (D:7)
  2 ice beasts
  A black bear (D:7)
  2 ogres (D:5)
  2 phantoms
  A bullfrog (D:7)
  A necrophage (D:5)
  5 wights (D:7)
  2 scorpions
  5 killer bees (D:7)
  3 hounds
  2 orc priests
  A gnoll bouda (D:7)
  A jelly (D:7)
  3 iguanas
  2 orc wizards (D:4)
  Terence (D:3)
  6 gnolls
  4 adders
  A white imp (D:5)
  4 worms
  10 orcs
  6 ball pythons
  8 endoplasms
  4 giant cockroaches
  8 goblins
  7 hobgoblins
  4 jackals (D:1)
  5 quokkas
  6 bats
  2 frilled lizards (D:2)
  7 kobolds
  5 rats
  A spectral orc (D:3)
128 creatures vanquished.

Vanquished Creatures (others)
  2 plants (D:3)
2 creatures vanquished.

Grand Total: 130 creatures vanquished

Notes
Turn   | Place    | Note
-------+----------+-------------------------------------------
     0 | D:1      | kevlar127 the Troll Berserker began the quest for the Orb.
     0 | D:1      | Reached XP level 1. HP: 22/22 MP: 0/0
   118 | D:1      | Reached XP level 2. HP: 29/29 MP: 1/1
   301 | D:1      | Reached XP level 3. HP: 29/37 MP: 2/2
   853 | D:2      | Found Beicuddir's Magic Scroll Shoppe.
  1220 | D:2      | Reached ** piety under Trog
  1222 | D:2      | Reached skill level 4 in Unarmed Combat
  1606 | D:2      | Reached XP level 4. HP: 45/45 MP: 3/3
  1773 | D:2      | Found a faded altar of an unknown god.
  2295 | D:3      | Found a hazy altar of Hepliaklqana.
  2473 | D:3      | Found a runed translucent door.
  2501 | D:3      | Noticed Terence
  2505 | D:3      | Killed Terence
  2606 | D:3      | Noticed zhov's ghost (amateur DsNe)
  2738 | D:3      | Found a runed translucent door.
  2739 | D:3      | Noticed a bullfrog
  2746 | D:3      | Found a basalt altar of Yredelemnul.
  2835 | D:4      | Reached XP level 5. HP: 52/54 MP: 4/4
  2845 | D:4      | Noticed a phantom
  2854 | D:4      | Killed a phantom
  2855 | D:4      | Reached skill level 5 in Unarmed Combat
  2920 | D:4      | Reached XP level 6. HP: 54/63 MP: 5/5
  3361 | D:2      | Bought a scroll of blinking for 105 gold pieces
  3361 | D:2      | Bought a scroll of identify for 28 gold pieces
  3361 | D:2      | Bought a scroll of fear for 56 gold pieces
  3361 | D:2      | Bought a scroll of fog for 56 gold pieces
  3361 | D:2      | Bought a scroll of noise for 14 gold pieces
  3449 | D:5      | Entered Level 5 of the Dungeon
  3537 | D:5      | Reached *** piety under Trog
  3608 | D:5      | Reached skill level 5 in Fighting
  3608 | D:5      | Reached skill level 6 in Unarmed Combat
  3608 | D:5      | Reached XP level 7. HP: 72/72 MP: 6/6
  3624 | D:5      | Reached skill level 1 in Throwing
  3836 | D:5      | Found a glowing silver altar of Zin.
  4022 | D:6      | Noticed a +0 dagger
  4022 | D:6      | Noticed a +0 spear
  4025 | D:6      | Noticed a +0 short sword
  4025 | D:6      | Noticed a +0 falchion
  4025 | D:6      | Noticed a +0 short sword
  4025 | D:6      | Noticed a +0 falchion
  4025 | D:6      | Noticed a +0 spear
  4026 | D:6      | Noticed a +0 dagger
  4028 | D:6      | Found a hide-covered altar of Uskayaw.
  4394 | D:6      | Noticed a wyvern
  4401 | D:6      | Killed a wyvern
  4402 | D:6      | Reached XP level 8. HP: 64/83 MP: 7/7
  4699 | D:7      | Reached skill level 7 in Unarmed Combat
  4755 | D:7      | Found a blossoming altar of Fedhas.
  5284 | D:7      | Noticed an unseen horror
  5293 | D:7      | Killed an unseen horror
  5413 | D:7      | Reached XP level 9. HP: 80/92 MP: 8/8
  5442 | D:7      | Found a staircase to the Ecumenical Temple.
  5553 | D:7      | Reached skill level 8 in Unarmed Combat
  5659 | D:7      | Noticed Menkaure
  5663 | D:7      | Killed Menkaure
  5664 | D:7      | Reached skill level 5 in Throwing
  6036 | D:7      | HP: 6/138 [poisoned by a killer bee]
  6038 | D:7      | HP: 2/139 [poisoned by a killer bee]
  6042 | D:7      | Succumbed to a killer bee's poison

Illustrated notes

Levels and vault maps discovered:
D:1:      ncdulo_halloftheorcs, layout_basic
D:2:      minmay_alternating_diamond, layout_loops_corners, serial_shops,
          nicolae_shop_advertising_works [nicolae_subvault_shop_adworks],
          dilly_ecumenical_altar_fadedgnrine, chequers_serial_rivers_large_b,
          hex_tiny, minmay_misc_feat_square, kennysheep_generic_room_4
D:3:      layout_loops_corners, mainiacjoe_overflow_boulevard,
          yredelemnul_forgotten_temple_becter, ebering_ghost_sewer_f,
          kennysheep_generic_room_10, uniq_terence
D:4:      layout_basic, corexii_hall_statues_u
D:5:      layout_rooms, zin_statuary
D:6:      layout_basic, nicolae_uskayaw_en_pointe
D:7:      layout_loops_ring, mainiacjoe_overflow_alcove_4,
          minmay_temple_entry_large_hall, uniq_menkaure
D:8:      layout_layer_cave, grunt_temple_overflow_open, marbit_many_paths

Skill      XL: |  1  2  3  4  5  6  7  8  9 |
---------------+----------------------------+-----
Fighting       | 3 4 5 6 7 |  7.0
Unarmed Combat | 4 5 6 7 8 |  8.4
Throwing       | 2 4 5 |  5.1
Dodging        | 3 |  3.6

Action                   |  1- 3 |  4- 6 |  7- 9 || total
-------------------------+-------+-------+-------++-------
Melee: Unarmed           |   126 |   115 |   104 ||   345
       Punch             |     1 |     4 |       ||     5
Throw: Dart              |       |       |     8 ||     8
       Boomerang         |       |       |    56 ||    56
Invok: Berserk           |       |       |     2 ||     2
Armor: Animal skin       |    49 |    30 |    43 ||   122
Dodge: Dodged            |    87 |    46 |    58 ||   191

Table legend: (Time is in decaauts)
 A = Elapsed time spent in this place.
 B = Non-inter-level travel time spent in this place.
 C = Inter-level travel time spent in this place.
 D = Time resting spent in this place.
 E = Time spent auto-exploring this place.
 F = Levels seen in this place.
 G = Mean time per level.
                   A        B        C        D        E       F      G
               +--------+--------+--------+--------+--------+-----+--------+
         Total |   6050 |   5605 |    445 |    488 |   4323 |   8 |  756.2 |
       Dungeon |   6050 |   5605 |    445 |    488 |   4323 |   8 |  756.2 |
               +--------+--------+--------+--------+--------+-----+--------+

Top non-repeatable levels by time:
     D:7: 1359 daAuts
     D:2: 1148 daAuts
     D:3: 941 daAuts
     D:1: 815 daAuts
     D:6: 717 daAuts
     D:4: 554 daAuts
     D:5: 496 daAuts
     D:8: 16 daAuts
